 Dungeon Crawl Stone Soup version 0.31.0-32-g396128a36d (webtiles) character file.

Game seed: 10111620776135172820

3334 0o0o the Carver (level 9, 0/81 HPs)
             Began as a Minotaur Berserker on Apr 12, 2024.
             Was an Elder of Trog.
             Succumbed to a hornet's poison
             ... on level 10 of the Dungeon.
             The game lasted 00:20:19 (8409 turns).

0o0o the Carver (Minotaur Berserker)                Turns: 8409, Time: 00:20:19

Health: 0/81       AC: 14    Str: 28    XL:     9   Next: 71%
Magic:  8/8        EV: 24    Int: 10    God:    Trog [****..]
Gold:   140        SH: 13    Dex: 10    Spells: 8/8 levels left

rFire   + . .        y - +9 dagger of Purpose {freeze, rF+ rCorr Str+2}
rCold   . . .        d - +0 tower shield
rNeg    . . .        e - +0 chain mail
rPois   .            (helmet restricted)
rElec   .            (no cloak)
rCorr   +            (no gloves)
SInv    .            B - +2 pair of boots
Will    .....        h - amulet of the acrobat Stlth
                     v - +6 ring of intelligence
HPRegen 0.33/turn    (no ring)
MPRegen 0.11/turn

%: acrobat
@: lethally poisoned (0 -> -7), acrobatic, slowed, very slow
A: horns 2, retaliatory headbutt
a: Renounce Religion, Berserk, Trog's Hand, Brothers in Arms


You were on level 10 of the Dungeon.
You worshipped Trog.
Trog was greatly pleased with you.
You visited 1 branch of the dungeon, and saw 9 of its levels.

You collected 425 gold pieces.
You spent 285 gold pieces at shops.

Inventory:

Hand Weapons
 a - a +0 falchion
 f - a +2 dagger of venom
 w - a +0 halberd
 y - the +9 dagger of Purpose (weapon) {freeze, rF+ rCorr Str+2}
   (You took it off an orc on level 5 of the Dungeon)

   Str+2:     It affects your strength (+2).
   rF+:       It protects you from fire.
   rCorr:     It protects you from acid and corrosion.
Missiles
 j - 13 boomerangs
 q - a throwing net (quivered)
 s - 14 curare-tipped darts
Armour
 b - a +0 animal skin
 d - a +0 tower shield (worn)
 e - a +0 chain mail (worn)
 B - a +2 pair of boots (worn)
 D - a +0 scale mail of cold resistance
Jewellery
 h - an amulet of the acrobat (around neck)
 v - a +6 ring of intelligence (left hand)
Wands
 i - a wand of roots (11)
 r - a wand of paralysis (23)
 x - a wand of polymorph (16)
 E - a wand of light (2)
Scrolls
 c - 2 scrolls of teleportation
 l - 3 scrolls of enchant weapon
 n - 2 scrolls of amnesia
 A - a scroll of enchant armour {unknown}
 I - a scroll of noise {unknown}
Potions
 g - a potion of heal wounds {unknown}
 k - 3 potions of degeneration
 o - a potion of ambrosia {unknown}
 p - a potion of berserk rage {unknown}
 t - 2 potions of enlightenment
 u - a potion of curing {unknown}
 z - a potion of magic
 C - 2 potions of mutation
 F - a potion of haste {unknown}
 G - a potion of might {unknown}
 H - a potion of brilliance {unknown}


   Skills:
 + Level 8.2 Fighting
 + Level 8.3 Long Blades
 + Level 7.8 Armour
 + Level 7.2 Dodging
 + Level 7.0 Shields


You had 8 spell levels left.
You didn't know any spells.
Your spell library was empty.

Dungeon Overview and Level Annotations

Branches:
Dungeon (8/15)             Temple (0/1) D:5
   Lair: D:8-11

Altars:
Hepliaklqana
Qazlal
Ru
Uskayaw
Vehumet
Xom
The Shining One

Shops:
D:5 *   D:6 ?

Annotations:
D:4 3 runed translucent doors, diceflayer's ghost, amateur DsGl
D:8 Psyche


Innate Abilities, Weirdness & Mutations

You have a pair of horns on your head.
You reflexively headbutt those who attack you in melee.


Message History

The hound bites you but does no damage. The hornet stings you.
You are more poisoned.
You feel as though you will be slow longer.
As you read the scroll of teleportation, it crumbles to dust.
You feel strangely unstable.
You feel extremely sick. The hound bites you. The hornet stings you.
You feel as though you will be slow longer.
You block the hound's attack.
A yak comes into view.
The hornet stings you!
* * * LOW HITPOINT WARNING * * *
You feel as though you will be slow longer.
The yak gores you.
* * * LOW HITPOINT WARNING * * *
You block the hound's attack.
The hornet stings you but does no damage.
Okay, then.
Blink to where?
Press: ? - help, Dir - move target
Okay, then.
Blink to where?
Press: ? - help, Dir - move target
Okay, then.
Blink to where?
Press: ? - help, Dir - move target
As you read the scroll of blinking, it crumbles to dust.
Your surroundings seem slightly different.
* * * LOW HITPOINT WARNING * * *
You feel extremely sick.
It was a potion of magic.
Magic courses through your body.
* * * LOW HITPOINT WARNING * * *
You feel very sick.
Blink to where?
Press: ? - help, Dir - move target
As you read the scroll of blinking, it crumbles to dust.
* * * LOW HITPOINT WARNING * * *
You feel very sick.
The hound stops to sniff the ground.
You die...

...............Y..#....#
..............y...#....#
.............Yh...+....#
..................#....#
..................#....#
############.....###'###
#.....#.....#
#.....#.....#
#....@#.....#
#.....#.....#
#......#.....#
#......#.....#
#......#.....#
#########....# #....#
#....# #)...#


You could see a yak, a hornet and a hound.

Vanquished Creatures
  A two-headed ogre (D:10)
  Joseph (D:7)
  Maggie (D:6)
  Prince Ribbit (D:6)
  A steam dragon (D:8)
  A water moccasin (D:7)
  A black bear (D:5)
  An orc warrior (D:7)
  A wolf (D:10)
  A kobold brigand (D:10)
  A phantom (D:6)
  2 scorpions
  A bullfrog (D:6)
  A gnoll sergeant (D:5)
  4 wights
  3 howler monkeys
  A hound (D:7)
  2 jellies
  An orc priest (D:7)
  Ijyb (D:4)
  4 iguanas
  6 orc wizards
  13 gnolls
  8 adders
  2 shadow imps
  2 white imps
  A dart slug (D:4)
  2 ribbon worms
  32 orcs
  5 endoplasms
  4 giant cockroaches
  10 goblins
  8 hobgoblins
  14 kobolds
  6 quokkas
  5 ball pythons
  4 bats
  10 frilled lizards
  10 rats
173 creatures vanquished.

Notes
Turn   | Place    | Note
-------+----------+-------------------------------------------
     0 | D:1      | 0o0o the Minotaur Berserker began the quest for the Orb.
     0 | D:1      | Reached XP level 1. HP: 19/19 MP: 0/0
   285 | D:1      | Reached XP level 2. HP: 25/27 MP: 1/1
  1104 | D:1      | Reached XP level 3. HP: 33/33 MP: 2/2
  1653 | D:2      | Reached ** piety under Trog
  1713 | D:2      | Reached skill level 1 in Shields
  2190 | D:3      | Found a glowing drain.
  2256 | D:3      | Found a stormy altar of Qazlal.
  2280 | D:3      | Found a glowing golden altar of the Shining One.
  2495 | D:2      | Reached XP level 4. HP: 29/40 MP: 3/3
  3319 | D:3      | Reached XP level 5. HP: 29/47 MP: 4/4
  3609 | D:4      | Reached *** piety under Trog
  3710 | D:4      | Found a runed translucent gate.
  3710 | D:4      | Found a runed translucent gate.
  3710 | D:4      | Found a runed translucent gate.
  3710 | D:4      | Noticed diceflayer's ghost (amateur DsGl)
  3752 | D:4      | Noticed Ijyb
  3755 | D:4      | Paralysed by Ijyb for 2 turns
  3769 | D:4      | Killed Ijyb
  3865 | D:4      | Found a hazy altar of Hepliaklqana.
  4139 | D:5      | Entered Level 5 of the Dungeon
  4161 | D:4      | Reached XP level 6. HP: 46/55 MP: 5/5
  4260 | D:4      | Reached skill level 5 in Fighting
  4260 | D:4      | Reached skill level 5 in Long Blades
  4970 | D:5      | Reached XP level 7. HP: 61/61 MP: 6/6
  5024 | D:5      | Found a staircase to the Ecumenical Temple.
  5024 | D:5      | Identified the +9 dagger of Purpose {freeze, rF+ rCorr
                  | Str+2}
  5314 | D:5      | Reached skill level 5 in Armour
  5487 | D:5      | Found Raheagg's Assorted Antiques.
  5756 | D:6      | Noticed Prince Ribbit
  5776 | D:6      | Killed Prince Ribbit
  5777 | D:6      | Reached skill level 5 in Dodging
  5868 | D:6      | Reached XP level 8. HP: 70/70 MP: 7/7
  5970 | D:6      | Noticed Maggie
  6241 | D:6      | Killed Maggie
  6242 | D:6      | Reached skill level 5 in Shields
  6538 | D:6      | Found Dycsoban's Magic Scroll Shop.
  6543 | D:6      | Bought a scroll of enchant weapon for 97 gold pieces
  6543 | D:6      | Bought a scroll of teleportation for 39 gold pieces
  6543 | D:6      | Bought a scroll of identify for 26 gold pieces
  6543 | D:6      | Bought a scroll of enchant weapon for 97 gold pieces
  6543 | D:6      | Bought a scroll of identify for 26 gold pieces
  7249 | D:7      | Noticed Joseph
  7263 | D:7      | Killed Joseph
  7274 | D:7      | Reached XP level 9. HP: 59/79 MP: 8/8
  7599 | D:7      | Reached **** piety under Trog
  8112 | D:8      | Noticed Psyche
  8116 | D:8      | You fall into a shaft and drop 2 floors!
  8116 | D:10     | Entered Level 10 of the Dungeon
  8123 | D:10     | Found a shimmering altar of Xom.
  8124 | D:10     | Found a hide-covered altar of Uskayaw.
  8125 | D:10     | Noticed a two-headed ogre
  8134 | D:10     | Found a radiant altar of Vehumet.
  8134 | D:10     | Found a sacrificial altar of Ru.
  8136 | D:10     | Killed a two-headed ogre
  8408 | D:10     | HP: 3/81 [poisoned by a hornet]
  8409 | D:10     | Succumbed to a hornet's poison

Illustrated notes

Levels and vault maps discovered:
D:1:      dpeg_cavernosity, layout_basic, fountainhead, st_stairs_14
D:2:      layout_loops_ring
D:3:      layout_loops_corners, mainiacjoe_overflow_surrounded_room,
          mainiacjoe_overflow_boulevard, gup_sewer_entry_glass
D:4:      layout_rooms, nzn_hepliaklqana_mist_gate,
          gammafunk_ghost_nasty_kobolds, nicolae_concentric_dashed_squares_wild,
          uniq_ijyb
D:5:      layout_loops_cross, minmay_temple_entry_glassed_door, serial_shops,
          nicolae_shop_advertising_works [nicolae_subvault_shop_adworks]
D:6:      layout_layer_cave, serial_shops, kennysheep_little_box,
          minmay_lizard_king, uniq_prince_ribbit1, uniq_maggie
D:7:      layout_cave_pods, lightli_orcish_oven, uniq_joseph
D:8:      layout_rooms, nicolae_take_the_stairs, uniq_psyche
D:10:     layout_grid_maze, chequers_temple_overflow_statue_of_worship,
          erik_lair_island, palyth_stone_intersect, nicolae_fountain_basement

Skill      XL: |  1  2  3  4  5  6  7  8  9 |
---------------+----------------------------+-----
Fighting       | 4 5 6 7 8 |  8.2
Long Blades    | 4 5 6 7 8 |  8.3
Armour         | 3 4 5 6 7 |  7.8
Shields        | 1 2 3 4 5 7 |  7.0
Dodging        | 3 4 5 6 7 |  7.2

Action                     |  1- 3 |  4- 6 |  7- 9 || total
---------------------------+-------+-------+-------++-------
  Melee: Falchion          |   122 |   172 |     2 ||   296
         Headbutt          |    14 |    31 |    30 ||    75
         Punch             |     1 |       |       ||     1
         Dagger            |       |       |   200 ||   200
         Unarmed           |       |       |     9 ||     9
  Throw: Dart              |       |     2 |     4 ||     6
         Throwing net      |       |       |     1 ||     1
 Invoke: Berserk           |     1 |     4 |     2 ||     7
         Trog's Hand       |       |     2 |     6 ||     8
  Evoke: Wand              |       |       |     3 ||     3
    Use: Scroll            |       |       |    10 ||    10
         Potion            |       |       |     1 ||     1
   Stab: Paralysed         |       |       |     3 ||     3
 Armour: Animal skin       |    36 |       |       ||    36
         Chain mail        |    41 |   108 |   107 ||   256
         Skin              |       |       |     2 ||     2
  Dodge: Dodged            |    67 |    59 |    74 ||   200
  Block: Tower shield      |    59 |   122 |   147 ||   328
